 Dungeon Crawl Stone Soup version 0.30.1-11-g7821555f0a (webtiles) character file.

Game seed: 3308283746664200713

3647 lonewolfV2 the Protected (level 10, -3/83 HPs)
             Began as a Formicid Fighter on Dec 7, 2023.
             Was an Initiate of Gozag.
             Killed from afar by Pikel (12 damage)
             ... with a puff of flame
             ... on level 8 of the Dungeon.
             The game lasted 00:19:46 (7943 turns).

lonewolfV2 the Protected (Formicid Fighter)         Turns: 7943, Time: 00:19:47

Health: -3/83      AC: 22    Str: 23    XL:     10   Next: 33%
Magic:  10/10      EV: 12    Int:  8    God:    Gozag
Gold:   619        SH:  6    Dex: 15    Spells: 9/9 levels left

rFire   . . .        A - +0 broad axe (heavy)
rCold   . . .        c - +0 buckler
rNeg    . . .        r - +0 plate armour
rPois   .            (helmet unavailable)
rElec   .            (no cloak)
rCorr   .            u - +0 pair of gloves
SInv    +            j - +1 pair of boots
Will    +....        k - amulet of faith Stlth
                     b - +4 ring of protection
HPRegen 0.33/turn    y - +5 ring of evasion
MPRegen 0.12/turn

%: faith
@: no status effects
A: permanent stasis, dig shafts and tunnels, antennae 3, four strong arms
a: Dig, Shaft Self, Renounce Religion, Potion Petition, Call Merchant, Bribe
Branch


You were on level 8 of the Dungeon.
You worshipped Gozag.
Gozag was pleased with you.
You visited 2 branches of the dungeon, and saw 9 of its levels.

You collected 788 gold pieces.
You paid 169 gold pieces to Gozag.

Inventory:

Hand Weapons
 a - a +1 war axe of chaos
 A - a +0 heavy broad axe (weapon)
Missiles
 o - a throwing net
Armour
 c - a +0 buckler (worn)
 j - a +1 pair of boots (worn)
 r - a +0 plate armour (worn)
 u - a +0 pair of gloves (worn)
Jewellery
 b - a +4 ring of protection (left hand)
 k - an amulet of faith (around neck)
 y - a +5 ring of evasion (right hand)
Wands
 m - a wand of digging (8)
 n - a wand of flame (35)
 v - a wand of paralysis (8)
 x - a wand of polymorph (9)
Scrolls
 d - 4 scrolls of amnesia
 g - a scroll of vulnerability
 q - 2 scrolls of enchant weapon
 t - 9 scrolls of noise
Potions
 f - 2 potions of degeneration
 h - a potion of magic {unknown}
 i - 2 potions of mutation
 l - 4 potions of flight
 p - a potion of ambrosia {unknown}
 s - a potion of attraction {unknown}


   Skills:
 - Level 9.0 Fighting
 + Level 7.5 Axes
 - Level 9.4 Armour
 + Level 8.0 Shields


You had 9 spell levels left.
You didn't know any spells.
Your spell library contained the following spells:

 Spells                   Type           Power      Damage    Failure   Level
 Inner Flame              Hex/Fire       0%         N/A       100%        3
 Yara's Violent Unravell  Hex/Tmut       0%         3d3       100%        5
 Enfeeble                 Hex            0%         N/A       100%        7


Dungeon Overview and Level Annotations

Branches:
Dungeon (8/15)             Temple (1/1) D:5
   Lair: D:8-11

Altars:
Cheibriados
Dithmenos
Elyvilon
Gozag
Hepliaklqana
Kikubaaqudgha
Makhleb
Okawaru
Qazlal
Ru
Sif Muna
Trog
Vehumet
Wu Jian
Yredelemnul

Shops:
D:4 *

Annotations:
D:8 Pikel


Innate Abilities, Weirdness & Mutations

You cannot be hasted, slowed, berserked, paralysed or teleported.
You can dig through walls and to a lower floor.
You have a pair of large antennae on your head. (SInv)
Your four strong arms can wield two-handed weapons with a shield.


Message History

The wolf is almost dead.
The wolf closely misses you. x2; The wolf bites you.
You closely miss the wolf.
The wolf is almost dead.
You block the wolf's attack. The wolf bites you but does no damage.
The wolf misses you.
Unknown command.
You slash the wolf!
You kill the wolf!
Pikel is distracted by your dazzling golden aura.
Your Shields skill increases to level 8!
Things that are here:
18 gold pieces; a +3 scimitar of flaming; a +0 robe Pikel shouts!
You hit Pikel but do no damage.
Pikel is no longer distracted by gold.
Pikel hits you but does no damage.
You hit Pikel but do no damage.
Pikel zaps a wand.
You block the puff of flame. Pikel hits you but does no damage.
You are electrocuted!
* * * LOW HITPOINT WARNING * * *
You closely miss Pikel.
Pikel hits you with a +0 whip of electrocution.
* * * LOW HITPOINT WARNING * * *
The bullfrog is distracted by your dazzling golden aura.
Pikel misses you.
The bullfrog croaks.
You hit Pikel but do no damage. Pikel barely misses you. Pikel misses you.
You barely miss Pikel.
The bullfrog is no longer distracted by gold.
Pikel zaps a wand.
You block the puff of flame.
Pikel zaps a wand.
The puff of flame misses you.
You closely miss Pikel.
Pikel hits you with a +0 whip of electrocution.
* * * LOW HITPOINT WARNING * * *
Pikel hits you with a +0 whip of electrocution.
* * * LOW HITPOINT WARNING * * *
You slash Pikel!
Pikel is lightly wounded.
Pikel zaps a wand.
The puff of flame hits you!
You die...
Your body crumbles into a pile of gold.

.. .# .# .# #
.##.# # ... ...
#.[#
########.#..#
#..#
##..@K5F....#
#..#
#####..$#####.).#
#..# #.......#
....... #..#
#.###...# #.{####
#..###.#######
..# #..##...# .{#
#.....#...# {#
####.###...#.# K.
$ ........#.##.#


You could see Pikel, a lemure and a bullfrog.

Vanquished Creatures
  Erica (D:8)
  Joseph (D:8)
  Sigmund (D:2)
  Grum (D:8)
  Duvessa (D:7)
  2 black bears
  3 wolves (D:8)
  2 ogres (D:4)
  A centaur (D:7)
  3 lemures (D:8)
  A phantom (D:7)
  A kobold brigand (D:7)
  3 bullfrogs
  5 wights
  Dowan (D:7)
  2 vampire bats (D:7)
  2 howler monkeys
  2 jellies (D:6)
  5 orc priests
  4 hounds
  An iron imp (D:6)
  3 orc wizards
  2 sleepcaps (D:6)
  Ijyb (D:3)
  4 iguanas
  Robin (D:4)
  3 gnolls
  2 adders
  3 shadow imps
  A white imp (D:5)
  An ufetubus (D:4)
  3 worms
  2 dart slugs
  12 orcs
  7 bats
  4 bat skeletons (D:7)
  2 bat zombies (D:7)
  9 endoplasms
  4 giant cockroaches
  17 goblins
  8 hobgoblins
  10 jackals
  9 quokkas
  7 ball pythons
  3 frilled lizards
  14 kobolds
  8 rats
  A spectral hobgoblin (D:1)
184 creatures vanquished.

Notes
Turn   | Place    | Note
-------+----------+-------------------------------------------
     0 | D:1      | lonewolfV2 the Formicid Fighter began the quest for the
                  | Orb.
     0 | D:1      | Reached XP level 1. HP: 18/18 MP: 1/1
    96 | D:1      | Reached XP level 2. HP: 21/24 MP: 2/2
   364 | D:1      | Found a faded altar of an unknown god.
   376 | D:1      | Prayed at the altar of an unknown god.
   376 | D:1      | Became a worshipper of Sif Muna the Loreminder
   376 | D:1      | Reached * piety under Sif Muna
   377 | D:1      | Fell from the grace of Sif Muna
   697 | D:2      | Reached XP level 3. HP: 30/30 MP: 3/3
   764 | D:2      | Noticed Sigmund
   795 | D:2      | Killed Sigmund
   796 | D:2      | Reached skill level 5 in Fighting
   796 | D:2      | Reached XP level 4. HP: 15/39 MP: 4/4
   796 | D:2      | Reached XP level 5. HP: 17/44 MP: 5/5
   796 | D:2      | Reached XP level 6. HP: 20/51 MP: 6/6
  1837 | D:3      | Noticed Ijyb
  1860 | D:3      | HP: 1/51 [Ijyb/bolt of light (18)]
  1864 | D:3      | Killed Ijyb
  2089 | D:3      | Found a shimmering blue altar of Sif Muna.
  2735 | D:4      | Found Tymeen's Gadget Gallery.
  2904 | D:4      | Noticed an ogre
  2912 | D:4      | Killed an ogre
  2913 | D:4      | Reached skill level 5 in Axes
  2913 | D:4      | Reached XP level 7. HP: 38/58 MP: 7/7
  3668 | D:4      | Noticed Robin
  3679 | D:4      | Killed Robin
  4290 | D:5      | Entered Level 5 of the Dungeon
  4453 | D:5      | Found a staircase to the Ecumenical Temple.
  4464 | Temple   | Entered the Ecumenical Temple
  4527 | Temple   | Became a worshipper of Gozag Ym Sagoz the Greedy
  4720 | D:5      | Found a hazy altar of Hepliaklqana.
  4721 | D:5      | Found a shadowy altar of Dithmenos.
  4721 | D:5      | Noticed a shadow
  5392 | D:6      | Reached skill level 5 in Armour
  5392 | D:6      | Reached XP level 8. HP: 44/65 MP: 4/8
  5791 | D:6      | Found a bloodstained altar of Trog.
  5791 | D:6      | Found an iron altar of Okawaru.
  6030 | D:6      | Found a stormy altar of Qazlal.
  6182 | D:6      | Found a burning altar of Makhleb.
  6399 | D:7      | Reached XP level 9. HP: 73/74 MP: 9/9
  6580 | D:7      | Noticed Duvessa
  6637 | D:7      | Killed Duvessa
  6637 | D:7      | Was forgiven by Sif Muna
  6641 | D:7      | Noticed Dowan
  6651 | D:7      | Killed Dowan
  6956 | D:7      | Found an ancient bone altar of Kikubaaqudgha.
  7354 | D:7      | Found a sacrificial altar of Ru.
  7479 | D:8      | Noticed Joseph
  7522 | D:8      | Killed Joseph
  7523 | D:8      | Reached skill level 5 in Shields
  7879 | D:8      | Noticed Pikel
  7893 | D:8      | Noticed Grum
  7895 | D:8      | Noticed Erica
  7907 | D:8      | Killed Grum
  7908 | D:8      | Reached XP level 10. HP: 64/83 MP: 10/10
  7922 | D:8      | Killed Erica
  7943 | D:8      | Killed from afar by Pikel

Illustrated notes

Levels and vault maps discovered:
D:1:      amcnicky_arrival_feature_with_door, layout_rooms,
          dreamdust_ecumenical_altar_drowned_temple, minmay_tetromino_t2
D:2:      layout_loops_corners, nicolae_titane, uniq_sigmund
D:3:      wad_woods_stonehenge, layout_rooms, minmay_misc_feat_five,
          minmay_fountain_box, grunt_decor_clamped, uniq_ijyb
D:4:      layout_layer_cave, nicolae_shop_gadgets, uniq_robin
D:5:      layout_cave_pods, riverfiend_overflow_shadow_ancestor,
          minmay_temple_entry_glassed_door, kennysheep_generic_room_6
D:6:      layout_gridville, grunt_temple_overflow_bloody_war,
          mainiacjoe_overflow_cross_hatched, makhleb_grotto_becter
D:7:      layout_rooms, mainiacjoe_overflow_brackets, kennysheep_vampire_church,
          uniq_duvessa
D:8:      layout_loops_ring, grunt_temple_overflow_open, lemuel_crystal_altar,
          minmay_misc_feat_four_crosses, uniq_joseph, uniq_maggie, uniq_grum,
          uniq_prince_ribbit1, uniq_pikel, uniq_erica
Temple:   hellmonk_temple_two_chambers

Skill      XL: |  1  2  3  4  5  6  7  8  9 10 |
---------------+-------------------------------+-----
Fighting       | 5 6 8 9 |  9.0
Axes           | 4 5 6 7 |  7.5
Armour         | 5 7 9 |  9.4
Shields        | 6 8 |  8.0

Action                     |  1- 3 |  4- 6 |  7- 9 | 10-12 || total
---------------------------+-------+-------+-------+-------++-------
  Melee: War axe           |    73 |   108 |   249 |       ||   430
         Broad axe         |       |       |     4 |    33 ||    37
 Invoke: Renounce Religion |     1 |       |       |       ||     1
         Potion Petition   |       |       |     1 |       ||     1
Ability: Dig               |       |       |     1 |       ||     1
  Evoke: Wand              |       |       |     4 |       ||     4
    Use: Scroll            |     4 |     2 |    10 |       ||    16
         Potion            |     1 |     2 |     4 |     1 ||     8
   Stab: Confused          |       |       |     1 |       ||     1
         Paralysed         |       |       |     1 |       ||     1
         Distracted        |       |       |       |     2 ||     2
 Armour: Scale mail        |    35 |    81 |    54 |       ||   170
         Plate armour      |       |       |   152 |    27 ||   179
  Dodge: Dodged            |    48 |    58 |   135 |    30 ||   271
  Block: Buckler           |    12 |    32 |    87 |    15 ||   146
